 Dungeon Crawl Stone Soup version 0.25.1-11-g244df3a29b (webtiles) character file.

Game seed: 7027921318699861048

4522 tkbsonic5 the Fighter (level 10, -16/82 HPs)
             Began as a Formicid Chaos Knight on Apr 5, 2023.
             Was a Plaything of Xom.
             Demolished by a cyclops (24 damage)
             ... on level 7 of the Dungeon on Apr 9, 2023.
             The game lasted 00:35:23 (8115 turns).

tkbsonic5 the Fighter (Formicid Chaos Knight)       Turns: 8115, Time: 00:35:26

Health: -16/82     AC: 19    Str: 20    XL:     10   Next: 66%
Magic:  13/13      EV:  9    Int: 14    God:    Xom [...*..]
Gold:   430        SH:  0    Dex: 10    Spells: 9/9 levels left

rFire    + . .     SeeInvis +   f - +7 morningstar {PostPostPartum}
rCold    . . .     Gourm    .   (no shield)
rNeg     . . .     Faith    .   g - +2 chain mail {HE KNOWS I CAN'T TELE OMG LOL}
rPois    +         Spirit   .   (helmet unavailable)
rElec    .         Reflect  .   (no cloak)
rCorr    .         Harm     .   x - +0 pair of gloves
MR       +++..                  (no boots)
Stlth    ..........             t - amulet of the acrobat
HPRegen  0.23/turn              w - ring of poison resistance
MPRegen  0.13/turn              l - ring of protection from magic

@: brilliant, cleaving
A: permanent stasis, dig shafts and tunnels, four strong arms, antennae 3,
molten scales 1, rugged brown scales 1, slimy green scales 1, blurry vision 1,
clever 1, fire resistance 1, magic resistance 1, wild magic 1
a: Dig, Shaft Self, Renounce Religion


You were on level 7 of the Dungeon.
You worshipped Xom.
You were a favourite toy of Xom.
You were full.

You visited 1 branch of the dungeon, and saw 7 of its levels.

You collected 479 gold pieces.
You spent 49 gold pieces at shops.

Inventory:

Hand Weapons
 a - a +0 hand axe of chaos
 c - a +4 dagger of draining
 f - a +7 morningstar (weapon) {PostPostPartum}
 i - a +2 war axe of electrocution
 s - a +0 glaive
Missiles
 j - 34 poisoned darts (quivered) {Flaming Butterflies}
 k - a throwing net
Armour
 g - a +2 chain mail (worn) {HE KNOWS I CAN'T TELE OMG LOL}
 r - a +2 scale mail of cold resistance
 x - a +0 pair of gloves (worn)
 z - a +0 plate armour
Jewellery
 b - an uncursed ring of protection from magic
 l - a ring of protection from magic (right hand)
 q - a +4 ring of evasion
 t - an amulet of the acrobat (around neck)
 w - a ring of poison resistance (left hand)
Wands
 p - a wand of flame (3)
Scrolls
 e - 2 scrolls of amnesia
 h - 2 scrolls of remove curse
 o - a scroll of fear
 y - 2 scrolls of fog
 A - 4 scrolls of teleportation
Potions
 n - 2 potions of lignification
 u - a potion of flight
Comestibles
 m - 5 rations


   Skills:
 * Level 8.2 Fighting
 - Level 6.5(7.0) Axes
 * Level 3.7(5.6) Maces & Flails
 * Level 4.7 Throwing
 * Level 7.9 Armour
 + Level 5.0 Dodging
 * Level 4.9 Evocations


You had 9 spell levels left.
You didn't know any spells.
Your spell library contained the following spells:

 Spells                   Type           Power        Failure   Level  Hunger
 Magic Dart               Conj           #...         96%         1    None
 Call Imp                 Summ           #.......     99%         2    None
 Slow                     Hex            #.......     99%         2    None
 Conjure Flame            Conj/Fire      #.......     100%        3    None
 Mephitic Cloud           Conj/Pois/Air  #.......     100%        3    None
 Blink                    Tloc           Unusable     N/A         2    N/A

Dungeon Overview and Level Annotations

Branches:
Dungeon (7/15)             Temple (0/1) D:7

Altars:
Ashenzari
Cheibriados
Kikubaaqudgha
Makhleb
Okawaru
Trog
Vehumet
Xom
The Shining One

Shops:
D:6 *


Innate Abilities, Weirdness & Mutations

You cannot be hasted, slowed, berserked, paralysed or teleported.
You can dig through walls and to a lower floor.
Your four strong arms can wield two-handed weapons with a shield.
You have a pair of large antennae on your head. (SInv)
You are partially covered in molten scales. (AC +2)
You are partially covered in rugged brown scales. (AC +1, +3% HP)
You are partially covered in slimy green scales. (AC +2)
Scrolls take you a little longer to read.
Your mind is acute. (Int +2)
Your flesh is heat resistant. (rF+)
You are resistant to hostile enchantments. (MR+)
Your spells are a little harder to cast, but a little more powerful.


Message History

The cyclops hits you!!
* * * LOW HITPOINT WARNING * * *
Okay, then.
Okay, then.
You hit the cyclops.
The cyclops is almost dead.
A killer bee comes into view.
The killer bee stings you but does no damage.
The cyclops barely misses you.
Okay, then.
Evoke which item? (* to show all) (? for menu, Esc to quit)
Okay, then.
You barely miss the cyclops.
The cyclops is almost dead.
You barely miss the killer bee. The killer bee stings you.
* * * LOW HITPOINT WARNING * * *
The killer bee stings you but does no damage.
The cyclops hits you!!
You die...
Xom giggles madly!

##..#.⌠.⌠.#.#.#...#.#.#.#.#.#.
####...#.....#...##.##...####.##.
.......###'####.#.....#.## #'###.
#.##..##..######..###..######..##
#.#..##.......###..*..###..####.#
#.#.##########.#########.##÷.###.
#.#.##..[.....##*#(#,*#)#####.##.
#.#.#.###########C#,*,#.##..#.#.#
..#.##.........#@#,*,*###.##)##.#
###.###########(#y#,*,*##.#.#..##
#.# *#.......###.#,**#.##.####*
#.##*.################.###,,**,
#..##*,,,,,{*##.....###.###*,,#
##..##***,,*##..#.(..###..##*##
##..########...#.....####'#*#.
##.#.#...#!...#......##.#.##.
#.#.#.#.#....#....#.#†.#..#.


You could see a cyclops and a killer bee.

Vanquished Creatures
  A fire crab (D:7)
  A cyclops (D:7)
  Maggie (D:6)
  A meliai (shapeshifter) (D:7)
  A wraith (D:7)
  A hungry ghost (D:7)
  A water moccasin (D:5)
  An ice beast (D:7)
  An orc warrior (D:6)
  3 phantoms
  2 ogres
  A centaur (D:5)
  A big kobold (D:7)
  4 bullfrogs
  3 scorpions
  A wyvern skeleton (D:6)
  4 wights (D:6)
  5 crimson imps
  A quasit (D:6)
  A jelly (D:7)
  A gnoll shaman (D:7)
  4 orc priests
  4 hounds
  A bullfrog skeleton (D:7)
  2 iguanas
  An orc wizard (D:4)
  3 worker ants
  A hound zombie (D:2)
  2 hound skeletons (D:5)
  16 gnolls
  A howler monkey zombie (D:7)
  13 adders
  A shadow imp (D:6)
  An ooze (D:4)
  An adder zombie (D:5)
  5 worms
  A dart slug (D:1)
  9 leopard geckos
  16 orcs
  4 ball pythons
  6 bats
  4 giant cockroaches
  8 goblins
  8 hobgoblins
  23 jackals
  4 quokkas
  7 frilled lizards
  10 kobolds
  A quokka skeleton (D:6)
  2 rats (D:1)
195 creatures vanquished.

Vanquished Creatures (collateral kills)
  A hound (D:7)
  An orc warrior (D:4)
  A phantom (D:7)
  A wight (D:6)
  An orc wizard (D:4)
  An adder (D:4)
  An orc (D:4)
  3 jackals (D:4)
10 creatures vanquished.

Vanquished Creatures (others)
  A bat (D:2)
1 creature vanquished.

Grand Total: 206 creatures vanquished

Notes
Turn   | Place    | Note
-------+----------+-------------------------------------------
     0 | D:1      | tkbsonic5 the Formicid Chaos Knight began the quest for the
                  | Orb.
     0 | D:1      | Reached XP level 1. HP: 18/18 MP: 1/1
    51 | D:1      | XOM: silly message
    90 | D:1      | XOM: give mutations
    90 | D:1      | Gained mutation: Your spells are a little easier to cast,
                  | but a little less powerful. [Xom's mischief]
    90 | D:1      | Lost mutation: Your spells are a little easier to cast, but
                  | a little less powerful. [Xom's mischief]
    90 | D:1      | Gained mutation: You are dopey. (Int -2) [Xom's mischief]
    90 | D:1      | Gained mutation: You are partially covered in slimy green
                  | scales. (AC +2) [Xom's mischief]
   217 | D:1      | Reached XP level 2. HP: 22/24 MP: 2/2
   286 | D:1      | XOM: give mutations
   286 | D:1      | Gained mutation: You are resistant to hostile enchantments.
                  | (MR+) [Xom's grace]
   286 | D:1      | Gained mutation: You are partially covered in rugged brown
                  | scales. (AC +1, +3% HP) [Xom's grace]
   474 | D:1      | Reached XP level 3. HP: 23/29 MP: 3/3
   829 | D:1      | XOM: god gift: ration
  1050 | D:2      | XOM: scenery: create altars
  1131 | D:2      | Reached XP level 4. HP: 34/38 MP: 4/4
  1152 | D:2      | XOM: stat loss: -1 Dex (9/10)
  1860 | D:2      | Found a bloodstained altar of Trog.
  1861 | D:2      | Found an ancient bone altar of Kikubaaqudgha.
  1928 | D:2      | Reached skill level 1 in Dodging
  1980 | D:2      | Reached XP level 5. HP: 37/43 MP: 5/5
  2146 | D:3      | XOM: destruction
  2159 | D:2      | Reached skill level 4 in Fighting
  2665 | D:3      | XOM: cloud trail
  2850 | D:3      | Reached XP level 6. HP: 48/50 MP: 6/6
  2866 | D:4      | Got a heavily runed ring mail
  2884 | D:3      | Identified the +0 ring mail "Redan" {rF+ rCorr Str-3 Dex+5}
                  | (You found it on level 4 of the Dungeon)
  2910 | D:4      | Noticed an orc warrior
  2912 | D:4      | XOM: summons 6 friendly demons
  2916 | D:4      | XOM: butterfly on damage
  2917 | D:4      | Killed an orc warrior
  3102 | D:4      | Reached XP level 7. HP: 56/56 MP: 7/7
  3198 | D:4      | XOM: cleaving
  3205 | D:4      | Reached skill level 5 in Fighting
  3482 | D:5      | Entered Level 5 of the Dungeon
  3493 | D:5      | XOM: cleaving
  3567 | D:5      | Reached skill level 5 in Axes
  3567 | D:5      | Reached skill level 5 in Armour
  3869 | D:5      | XOM: summons 1 hostile demon
  3951 | D:5      | Noticed a water moccasin
  3954 | D:5      | Reached XP level 8. HP: 52/64 MP: 8/8
  3963 | D:5      | Got a heavily runed leather armour
  3986 | D:5      | Identified the +1 leather armour of Zyrghocs {Dex+3 Slay+2}
                  | (You found it on level 5 of the Dungeon)
  3996 | D:5      | XOM: give mutation
  3996 | D:5      | Gained mutation: Your flesh is heat resistant. (rF+) [Xom's
                  | mischief]
  4022 | D:5      | XOM: noise
  4416 | D:5      | Reached skill level 1 in Throwing
  4722 | D:6      | XOM: enchant monster (bad)
  4729 | D:6      | Reached skill level 6 in Fighting
  4884 | D:6      | Noticed Maggie
  4897 | D:6      | XOM: enchant monster (bad)
  4908 | D:6      | Killed Maggie
  4908 | D:6      | Reached skill level 1 in Evocations
  5060 | D:6      | Reached XP level 9. HP: 72/72 MP: 10/10
  5315 | D:6      | XOM is BORED!
  5315 | D:6      | XOM: give mutations
  5315 | D:6      | Gained mutation: Scrolls take you a little longer to read.
                  | [Xom's mischief]
  5315 | D:6      | Lost mutation: You are dopey. (Int -2) [Xom's mischief]
  5324 | D:6      | XOM: summons 5 hostile demons
  5325 | D:6      | Noticed a smoke demon
  5412 | D:6      | XOM: noise
  5487 | D:6      | XOM: stat loss: -1 Int (11/12)
  5517 | D:6      | Found Yrha's General Store.
  5521 | D:6      | Bought 3 boomerangs for 16 gold pieces
  5521 | D:6      | Bought a potion of curing for 33 gold pieces
  5526 | D:6      | XOM: give mutations
  5526 | D:6      | Lost mutation: Scrolls take you a little longer to read.
                  | [Xom's mischief]
  5526 | D:6      | Gained mutation: You are frail. (-10% HP) [Xom's mischief]
  5526 | D:6      | Gained mutation: Scrolls take you a little longer to read.
                  | [Xom's mischief]
  5579 | D:6      | XOM: summons friendly iron imp
  5680 | D:6      | XOM: destruction
  5682 | D:6      | XOM: noise
  5826 | D:6      | Found a radiant altar of Vehumet.
  5826 | D:6      | Found an iron altar of Okawaru.
  5838 | D:6      | Found a snail-covered altar of Cheibriados.
  5841 | D:6      | Found a burning altar of Makhleb.
  5842 | D:6      | Found a shattered altar of Ashenzari.
  5868 | D:6      | XOM: god gift: 48 gold pieces
  5879 | D:6      | Reached skill level 1 in Maces & Flails
  5952 | D:6      | Reached skill level 7 in Fighting
  5970 | D:6      | XOM: give mutation
  5970 | D:6      | Gained mutation: Your body sometimes deteriorates upon
                  | taking damage. [Xom's mischief]
  6511 | D:7      | Found a staircase to the Ecumenical Temple.
  6609 | D:7      | Lost mutation: Your body sometimes deteriorates upon taking
                  | damage. [potion of mutation]
  6609 | D:7      | Lost mutation: You are frail. (-10% HP) [potion of
                  | mutation]
  6609 | D:7      | Gained mutation: You are partially covered in molten
                  | scales. (AC +2) [potion of mutation]
  6609 | D:7      | Gained mutation: Your spells are a little harder to cast,
                  | but a little more powerful. [potion of mutation]
  6609 | D:7      | Gained mutation: Your mind is acute. (Int +2) [potion of
                  | mutation]
  7054 | D:7      | XOM: butterfly on damage
  7054 | D:7      | Reached XP level 10. HP: 60/81 MP: 12/12
  7362 | D:4      | XOM: god gift: scroll of teleportation
  7744 | D:7      | XOM: cast spell 'Discord'
  7759 | D:7      | Noticed a fire crab
  7759 | D:7      | a yak changed into a fire crab
  7759 | D:7      | XOM: polymorph yak -> fire crab
  7765 | D:7      | XOM: confuse monster(s)
  7767 | D:7      | Killed a fire crab
  7841 | D:7      | XOM: god gift: shiny scale mail {god gift}
  7929 | D:7      | Found a glowing golden altar of the Shining One.
  8079 | D:7      | Noticed a cyclops
  8079 | D:7      | Noticed a guardian serpent
  8080 | D:7      | XOM: potion effect (brilliance)
  8081 | D:7      | XOM: swap monsters
  8082 | D:7      | a guardian serpent changed into a meliai
  8084 | D:7      | Reached skill level 8 in Fighting
  8084 | D:7      | Noticed a cyclops
  8091 | D:7      | XOM: cleaving
  8103 | D:7      | Killed a cyclops
  8103 | D:7      | Reached skill level 5 in Dodging
  8115 | D:7      | Demolished by a cyclops

Illustrated notes

Levels and vault maps discovered:
D:1:      psy_arrival_dodecagon, layout_basic, minmay_unequal
D:2:      layout_basic, gammafunk_temple_overflow_statue, minmay_puff
D:3:      layout_rooms, first_ration
D:4:      layout_loops_cross
D:5:      layout_basic, hangedman_decor_growths
D:6:      layout_basic, minitemple, serial_shops, shop, minmay_diced_spiral,
          uniq_maggie
D:7:      minmay_the_grid_octo_tiled_squarecenter
          [minmay_the_grid_octo_fan_narrow, minmay_the_grid_octo_focus,
          minmay_the_grid_octo_toaster, minmay_the_grid_octo_tetromino_candy,
          minmay_the_grid_square_5x5_megaprize_checkered,
          minmay_the_grid_square_5x5_shrine1,
          minmay_the_grid_square_5x5_six_small, minmay_the_grid_square_5x5_v,
          minmay_the_grid_square_5x5_spiral], layout_basic,
          minmay_temple_entry_drinking_statues

Skill      XL: |  1  2  3  4  5  6  7  8  9 10 |
---------------+-------------------------------+-----
Armour         | 3 4 5 6 7 |  7.9
Axes           | 4 5 6 |  6.5
Dodging        | 1 2 3 4 5 |  5.0
Fighting       | 4 5 6 7 8 |  8.2
Throwing       | 2 3 4 |  4.7
Evocations     | 1 3 4 |  4.9
Maces & Flails | 2 3 |  3.7

Action                   |  1- 3 |  4- 6 |  7- 9 | 10-12 || total
-------------------------+-------+-------+-------+-------++-------
Melee: Hand axe          |    76 |    27 |       |       ||   103
       Dagger            |       |    54 |       |       ||    54
       War axe           |       |    68 |   192 |       ||   260
       Morningstar       |       |       |    95 |    75 ||   170
Throw: Javelin           |       |     6 |    34 |     3 ||    43
       Dart              |       |       |    29 |       ||    29
       Boomerang         |       |       |    25 |       ||    25
Evoke: Wand              |       |       |    26 |     1 ||    27
  Use: Scroll            |     3 |     5 |     9 |     1 ||    18
       Potion            |     1 |     2 |     9 |     3 ||    15
 Stab: Paralysed         |     1 |       |       |       ||     1
       Confused          |       |       |       |     1 ||     1
  Eat: Ration            |     2 |       |     2 |     2 ||     6
       Chunk             |       |       |     7 |     1 ||     8
Armor: Leather armour    |    47 |    22 |       |       ||    69
       Chain mail        |       |    67 |   224 |    78 ||   369
Dodge: Dodged            |    44 |    71 |   191 |    46 ||   352
